 Dungeon Crawl Stone Soup version 0.31-a0-175-g9f7f995f2b (webtiles) character file.

Game seed: 8940764399529735010

13373 Pooter the Cleaver (level 11, -8/102 HPs)
             Began as a Minotaur Berserker on June 18, 2023.
             Was an Elder of Trog.
             Engulfed by an ice statue's freezing vapour (30 damage)
             ... in an ice cave.
             The game lasted 00:53:37 (9033 turns).

Pooter the Cleaver (Minotaur Berserker)             Turns: 9033, Time: 00:53:38

Health: -8/102     AC: 17    Str: 25    XL:     11   Next: 74%
Magic:  10/10      EV: 14    Int:  4    God:    Trog [****..]
Gold:   78         SH:  0    Dex: 11    Spells: 10/10 levels left

rFire   + + .        a - +2 battleaxe of the Land of Plenty {heavy, rF++}
rCold   . . .        (shield currently unavailable)
rNeg    . . .        C - +0 chain mail
rPois   .            H - +2 hat
rElec   .            (no cloak)
rCorr   .            J - +0 pair of gloves
SInv    .            M - +0 pair of boots
Will    ++...        A - amulet of regeneration Stlth
                     s - +4 ring of protection
HPRegen 2.17/turn    P - +5 ring of evasion
MPRegen 0.12/turn

%: no passive effects
@: strong-willed, on berserk cooldown, regenerating, slowed, studying Ranged
Weapons, very slow
A: horns 2, retaliatory headbutt
a: Renounce Religion, Berserk, Trog's Hand, Brothers in Arms


You were in an ice cave.
You worshipped Trog.
Trog was greatly pleased with you.
You visited 2 branches of the dungeon, and saw 11 of its levels.
You also visited: Ossuary and Ice Cave.

You collected 546 gold pieces.
You spent 468 gold pieces at shops.

Inventory:

Hand Weapons
 a - the +2 battleaxe of the Land of Plenty (weapon) {heavy, rF++}
   (You bought it in a shop on level 9 of the Dungeon)

   rF:        It greatly protects you from fire.
 b - a +0 orcbow
   (You took it off a centaur on level 9 of the Dungeon)
 m - a +1 halberd of flaming
   (You took it off a gnoll on level 2 of the Dungeon)
 o - a +2 short sword of draining
   (You took it off a kobold on level 1 of the Dungeon)
 r - a +0 short sword of holy wrath
   (You took it off a kobold on level 3 of the Dungeon)
 w - a +0 trident
   (You took it off an orc on level 4 of the Dungeon)
 B - a +0 war axe
   (You took it off an orc priest on level 4 of the Dungeon)
 T - a +4 dire flail of draining
   (You took it off Edmund on level 5 of the Dungeon)
Missiles
 p - 11 boomerangs (quivered)
 L - 27 poisoned darts
 Q - 61 stones
 V - 2 javelins
Armour
 y - an orb of mayhem
   (You found it on level 4 of the Dungeon)
 C - a +0 chain mail (worn)
   (You took it off an orc on level 5 of the Dungeon)
 H - a +2 hat (worn)
   (You found it on level 6 of the Dungeon)
 J - a +0 pair of gloves (worn)
   (You found it on level 9 of the Dungeon)
 M - a +0 pair of boots (worn)
   (You found it on level 8 of the Dungeon)
Jewellery
 s - a +4 ring of protection (left hand)
   (You found it on level 3 of the Dungeon)
 A - an amulet of regeneration (around neck)
   (You found it on level 5 of the Dungeon)
 F - a ring of protection from fire
   (You took it off an orc on level 4 of the Dungeon)
 N - a ring of positive energy
   (You found it on level 10 of the Dungeon)
 P - a +5 ring of evasion (right hand)
   (You took it off a gnoll on level 10 of the Dungeon)
Wands
 x - a wand of acid (7)
   (You found it on level 5 of the Dungeon)
 E - a wand of polymorph (8)
   (You found it on level 5 of the Dungeon)
 G - a wand of roots (8)
   (You took it off Pikel on level 5 of the Dungeon)
 K - a wand of mindburst (17)
   (You found it on level 8 of the Dungeon)
Scrolls
 c - a scroll of fear
 j - 4 scrolls of revelation
 q - a scroll of immolation {!r}
 t - 2 scrolls of teleportation {@r4}
 u - 3 scrolls of vulnerability {!r}
 v - a scroll of enchant weapon
Potions
 d - a potion of attraction {unknown}
 f - 2 potions of resistance
 h - 5 potions of haste {@q3}
 k - 2 potions of degeneration {unknown}
 l - 8 potions of curing {@q1}
 n - 2 potions of ambrosia {unknown}
 z - 3 potions of might
 D - 2 potions of enlightenment
 I - a potion of lignification {unknown}
 O - 2 potions of mutation {!q}
 R - a potion of cancellation {unknown}
 S - a potion of invisibility {unknown}
 U - 2 potions of heal wounds {@q2}


   Skills:
 + Level 11.3 Fighting
 - Level 5.0 Short Blades
 * Level 14.0(14.3) Axes
 - Level 5.0(10.4) Maces & Flails
 + Level 11.9 Ranged Weapons
 - Level 2.4 Armour
 - Level 2.1 Dodging


You had 10 spell levels left.
You didn't know any spells.
Your spell library was empty.

Dungeon Overview and Level Annotations

Branches:
Dungeon (10/15)            Temple (0/1) D:6            Lair (1/5) D:9
    Orc (0/2) D:10        Ossuary (visited)           IceCv (1/1)

Altars:
Ashenzari
Cheibriados
Gozag
Hepliaklqana
Kikubaaqudgha
Okawaru
Qazlal
Ru
Sif Muna
Trog
Uskayaw
Vehumet
Wu Jian
Xom
Zin

Shops:
D:4 !   D:5 [   D:9 *(=*=

Portals:
Trove: D:10 (give 15 potions of curing)

Annotations:
D:5 1 runed translucent door, Crazy Yiuf IceCv exclusion: ice statue


Innate Abilities, Weirdness & Mutations

You have a pair of horns on your head.
You reflexively headbutt those who attack you in melee.


Message History

You closely miss the ice beast. Your headbutt misses the ice beast.
You are engulfed in freezing vapours.
The ice beast closely misses you.
You carve the ice beast like a ham!!!
You kill the ice beast!
The ice beast disappears in a puff of smoke!
You are engulfed in freezing vapours.
The ice statue gestures.
You are no longer berserk.
You are exhausted.
You feel yourself slow down.
You slice the ice statue!! You slash the ice beast! The ice beast misses you.
The ice beast hits you. The ice beast freezes you.
The ice statue glitters chillingly in the dim dungeon light.
The ice statue gestures.
You slash the ice statue! You headbutt the ice statue.
You closely miss the ice beast. You barely miss the ice beast.
The ice beast misses you.
The ice beast hits you but does no damage.
The ice statue glitters chillingly in the dim dungeon light.
The ice statue gestures at you. The bolt of cold hits you!!
* * * LOW HITPOINT WARNING * * *
The ice beast closely misses you. You furiously retaliate!
You headbutt the ice beast!
The ice statue gestures.
The ice beast barely misses you. You furiously retaliate!
You headbutt the ice beast!
The ice beast hits you but does no damage.
You barely miss the ice statue. You barely miss the ice beast.
You hit the ice beast.
The ice beast hits you but does no damage.
The ice statue glitters chillingly in the dim dungeon light.
The ice statue gestures at you. The freezing blast engulfs you!
* * * LOW HITPOINT WARNING * * *
The ice beast hits you but does no damage. x2
The ice statue gestures at you. The shard of ice hits you!!
* * * LOW HITPOINT WARNING * * *
The ice beast hits you but does no damage.
You slash the ice statue!
You headbutt the ice statue, but do no damage.
You barely miss the ice beast. You slice the ice beast!!
You kill the ice beast!
The ice beast disappears in a puff of smoke!
You slice the ice beast!!
You kill the ice beast!
The ice beast disappears in a puff of smoke!
You are engulfed in freezing vapours.
You die...

## #°#
####°○#..#
##.°@8○.#
##..Y○°##[#
#..##.##
#.######
#.§###.##
#○☼#....#
##......#
#☼..###..#
##§###


You could see an ice statue and an ice beast (summoned).

Vanquished Creatures
  Pikel (D:5)
  A cane toad (Lair:1)
  2 rime drakes (Lair:1)
  2 trolls
  A blink frog (Lair:1)
  A wraith (D:10)
  A wyvern (D:10)
  34 yaks
  A steam dragon (D:8)
  Edmund (D:5)
  3 water moccasins (Lair:1)
  An orc warrior (D:10)
  A sky beast (D:7)
  3 ogres
  5 wolves (Lair:1)
  6 black bears
  4 centaurs
  2 phantoms
  A lemure (D:5)
  2 kobold brigands
  5 bullfrogs
  A gnoll sergeant (D:10)
  9 scorpions
  9 wights
  8 killer bees
  A howler monkey (D:9)
  An electric eel (D:10)
  A jelly (D:4)
  4 hounds
  2 gnoll boudas
  9 orc priests
  A sleepcap (D:5)
  7 iguanas
  11 orc wizards
  2 troll simulacra (IceCv)
  A mummy (Ossuary)
  17 gnolls
  7 adders
  A naga simulacrum (IceCv)
  A shadow imp (D:6)
  3 white imps
  An ufetubus (IceCv)
  A worm (D:3)
  2 dart slugs
  31 orcs
  A spectral bat (Ossuary)
  4 ball pythons
  5 bats
  8 endoplasms
  2 giant cockroaches
  12 gnoll zombies (Ossuary)
  6 goblins
  7 hobgoblins
  4 jackals (D:2)
  15 kobolds
  3 bat simulacra (Ossuary)
  4 frilled lizards
  4 goblin simulacra (Ossuary)
  5 goblin zombies (Ossuary)
  3 hobgoblin zombies (Ossuary)
  6 kobold simulacra (Ossuary)
  5 kobold zombies (Ossuary)
  5 orc zombies (Ossuary)
  5 rats
  4 rat simulacra (Ossuary)
  3 spectral goblins (Ossuary)
  4 spectral rats (Ossuary)
324 creatures vanquished.

Vanquished Creatures (collateral kills)
  3 blink frogs (Lair:1)
  A gnoll (D:6)
  2 orcs (D:5)
6 creatures vanquished.

Grand Total: 330 creatures vanquished

Notes
Turn   | Place    | Note
-------+----------+-------------------------------------------
     0 | D:1      | Pooter the Minotaur Berserker began the quest for the Orb.
     0 | D:1      | Reached XP level 1. HP: 19/19 MP: 0/0
   367 | D:1      | Reached skill level 1 in Short Blades
   370 | D:1      | Reached XP level 2. HP: 20/27 MP: 1/1
   771 | D:2      | Reached XP level 3. HP: 33/33 MP: 2/2
   831 | D:2      | Reached ** piety under Trog
   852 | D:2      | Reached XP level 4. HP: 41/41 MP: 3/3
  1090 | D:2      | Reached XP level 5. HP: 47/47 MP: 4/4
  1507 | D:3      | Reached skill level 5 in Fighting
  1566 | D:3      | Reached skill level 1 in Ranged Weapons
  1614 | D:3      | Found a faded altar of an unknown god.
  1876 | D:3      | Noticed a phantom
  1886 | D:3      | Killed a phantom
  1887 | D:3      | Reached XP level 6. HP: 56/56 MP: 5/5
  1983 | D:4      | Reached skill level 5 in Short Blades
  2033 | D:4      | Reached skill level 4 in Axes
  2075 | D:4      | Reached XP level 7. HP: 62/62 MP: 6/6
  2180 | D:4      | Reached skill level 5 in Axes
  2459 | D:4      | Found Binej's Distillery.
  2467 | D:4      | Bought a potion of enlightenment for 50 gold pieces
  2467 | D:4      | Bought a potion of curing for 30 gold pieces
  2778 | D:5      | Entered Level 5 of the Dungeon
  2865 | D:5      | Reached skill level 6 in Axes
  2865 | D:5      | Reached skill level 5 in Ranged Weapons
  2933 | D:5      | Reached XP level 8. HP: 70/71 MP: 7/7
  2997 | D:5      | Found a runed translucent door.
  2998 | D:5      | Noticed Crazy Yiuf
  3026 | D:5      | Noticed Edmund
  3037 | D:5      | Killed Edmund
  3118 | D:5      | Found an ornate altar of the Wu Jian Council.
  3215 | D:4      | Bought a potion of resistance for 100 gold pieces
  3269 | D:5      | Reached skill level 7 in Axes
  3272 | D:5      | Found Xofur's Antique Armour Emporium.
  3613 | D:5      | Noticed Pikel
  3621 | D:5      | Killed Pikel
  3622 | D:5      | Reached skill level 8 in Axes
  3909 | D:5      | Reached XP level 9. HP: 78/79 MP: 8/8
  4280 | D:6      | Found a staircase to the Ecumenical Temple.
  4299 | D:6      | Reached skill level 9 in Axes
  4572 | D:6      | Reached *** piety under Trog
  5203 | D:7      | Noticed a troll
  5205 | D:7      | Killed a troll
  5207 | D:7      | Found a sacrificial altar of Ru.
  5207 | D:7      | Found an opulent altar of Gozag.
  5283 | D:7      | Reached skill level 10 in Axes
  5645 | D:8      | Found a stormy altar of Qazlal.
  5664 | D:7      | Reached XP level 10. HP: 89/90 MP: 9/9
  5719 | D:8      | Reached skill level 11 in Axes
  5724 | D:8      | Reached skill level 10 in Ranged Weapons
  5778 | D:8      | Found a sand-covered staircase.
  5783 | Ossuary  | Entered an ossuary
  5872 | Ossuary  | Reached **** piety under Trog
  6394 | D:8      | Reached skill level 1 in Maces & Flails
  6722 | D:9      | Found Ratubora's Antique Weapon Boutique.
  6779 | D:9      | Found a snail-covered altar of Cheibriados.
  6782 | D:9      | Found a broken altar of Ashenzari.
  6785 | D:9      | Found a radiant altar of Vehumet.
  6788 | D:9      | Found an iron altar of Okawaru.
  6838 | D:9      | Found Foxziata's General Store.
  7208 | D:9      | Bought a scroll of identify for 24 gold pieces
  7281 | D:9      | Reached ***** piety under Trog
  7329 | D:9      | Found a glowing silver altar of Zin.
  7329 | D:9      | Found a shimmering altar of Xom.
  7331 | D:9      | Noticed an angel
  7372 | D:9      | Found Coenujeh's Jewellery Shoppe.
  7395 | D:9      | Found Cotz's Jewellery Shoppe.
  7430 | D:9      | Found Kafruit's Assorted Antiques.
  7487 | D:9      | Found a staircase to the Lair.
  7718 | D:10     | Entered Level 10 of the Dungeon
  7815 | D:10     | Reached XP level 11. HP: 99/99 MP: 10/10
  7825 | D:10     | Reached skill level 10 in Fighting
  7827 | D:10     | Reached skill level 5 in Maces & Flails
  7835 | D:10     | Found a staircase to the Orcish Mines.
  7886 | D:9      | Bought a fading battleaxe for 264 gold pieces
  7886 | D:9      | Identified the +2 battleaxe of the Land of Plenty {heavy,
                  | rF++} (You bought it in a shop on level 9 of the Dungeon)
  7932 | D:10     | Found a portal to a secret trove of treasure.
  7961 | D:10     | Found a hide-covered altar of Uskayaw.
  7979 | D:10     | Reached skill level 12 in Axes
  8452 | D:10     | Found a bloodstained altar of Trog.
  8457 | D:10     | Reached skill level 13 in Axes
  8548 | D:10     | Found a shimmering blue altar of Sif Muna.
  8672 | D:10     | Found an ancient bone altar of Kikubaaqudgha.
  8673 | D:10     | Found a hazy altar of Hepliaklqana.
  8755 | Lair:1   | Entered Level 1 of the Lair of Beasts
  8868 | Lair:1   | Identified a scroll of acquirement
  8868 | Lair:1   | Acquired a manual of Ranged Weapons
  8892 | Lair:1   | Found a frozen archway.
  8992 | IceCv    | Entered an ice cave
  8998 | IceCv    | Reached skill level 14 in Axes
  9033 | IceCv    | Engulfed by an ice statue's freezing vapour

Illustrated notes

Levels and vault maps discovered:
D:1:      amcnicky_arrival_blooded_trapdoor, layout_loops_ring,
          minmay_misc_feat_five
D:2:      layout_basic
D:3:      layout_rooms, ebering_ecumenical_altar_mist
D:4:      layout_basic, serial_shops, nicolae_shop_stone, grunt_decor_clamped
D:5:      layout_basic, mainiacjoe_overflow_24_doors, serial_shops,
          nicolae_square_shop, grunt_ministairs_7, uniq_edmund,
          uniq_crazy_yiuf_cottage, uniq_pikel
D:6:      layout_loops_ring, minmay_temple_entry_ruins
D:7:      layout_basic, mainiacjoe_overflow_catwalk_spiral
D:8:      layout_rooms, nicolae_qazlal_beasts_of_the_sky, enter_ossuary_5,
          due_unseen_surprise
D:9:      layout_roguey, grunt_temple_overflow_order_and_chaos_1,
          grunt_temple_overflow_cloverleaf, lair_entry_dummy, serial_shops,
          nicolae_shop_behind_doors, nicolae_shop_advertising_works
          [nicolae_subvault_shop_adworks], shop, nicolae_shop_waterfront, shop,
          st_stairs_13
D:10:     layout_roguey, tgw_sif, old_standard_altar, trog_butcher_becter,
          minitemple, orc_0_dummy, nicolae_trove_entry_isolated, fountainhead
Lair:1:   lemuel_ratsnest, layout_cave_pods, portal_ice_cave_rime,
          grunt_megastairs_3
IceCv:    ice_cave_caverns_02

Skill      XL: |  1  2  3  4  5  6  7  8  9 10 11 |
---------------+----------------------------------+-----
Short Blades   | 1 2 3 4 5 |  5.0
Fighting       | 4 5 6 7 8 9 11 | 11.3
Ranged Weapons | 2 3 5 7 9 11 | 11.9
Axes           | 4 6 8 10 11 14 | 14.0
Maces & Flails | 4 5 |  5.0
Armour         | |  2.4
Dodging        | |  2.1

Action                     |  1- 3 |  4- 6 |  7- 9 | 10-12 || total
---------------------------+-------+-------+-------+-------++-------
  Melee: Hand axe          |     6 |       |       |       ||     6
         Short sword       |    44 |    60 |     9 |       ||   113
         Headbutt          |     6 |    14 |    41 |    49 ||   110
         War axe           |       |    18 |   183 |    26 ||   227
         Punch             |       |       |     6 |       ||     6
         Dire flail        |       |       |     4 |   199 ||   203
         Battleaxe         |       |       |       |    93 ||    93
   Fire: Sling             |       |    48 |    48 |       ||    96
         Shortbow          |       |       |    10 |    30 ||    40
         Orcbow            |       |       |       |     6 ||     6
  Throw: Boomerang         |       |     1 |     2 |     8 ||    11
         Javelin           |       |       |       |     2 ||     2
 Invoke: Berserk           |     2 |     2 |     8 |     4 ||    16
         Trog's Hand       |       |     7 |     5 |    12 ||    24
         Brothers in Arms  |       |       |       |     1 ||     1
  Evoke: Wand              |       |       |     5 |     3 ||     8
    Use: Scroll            |       |     2 |     3 |    14 ||    19
 Armour: Animal skin       |     1 |       |       |       ||     1
         Scale mail        |    11 |    44 |    61 |       ||   116
         Chain mail        |       |       |    99 |   210 ||   309
  Dodge: Dodged            |    30 |    56 |   119 |   191 ||   396

Table legend: (Time is in decaauts)
 A = Elapsed time spent in this place.
 B = Non-inter-level travel time spent in this place.
 C = Inter-level travel time spent in this place.
 D = Time resting spent in this place.
 E = Time spent auto-exploring this place.
 F = Levels seen in this place.
 G = Mean time per level.
                   A        B        C        D        E       F      G
               +--------+--------+--------+--------+--------+-----+--------+
         Total |   9235 |   8785 |    450 |   2369 |   4307 |  13 |  710.4 |
       Dungeon |   8529 |   8079 |    450 |   2116 |   4182 |  10 |  852.9 |
          Lair |    257 |    257 |      0 |    148 |     10 |   1 |  257.0 |
       Ossuary |    404 |    404 |      0 |    100 |    115 |   1 |  404.0 |
      Ice Cave |     44 |     44 |      0 |      4 |      0 |   1 |   44.0 |
               +--------+--------+--------+--------+--------+-----+--------+

Top non-repeatable levels by time:
     D:5: 1112 daAuts
     D:9: 1077 daAuts
     D:6: 1054 daAuts
    D:10: 1037 daAuts
     D:4: 1023 daAuts
     D:1: 749 daAuts
     D:2: 741 daAuts
     D:8: 633 daAuts
     D:7: 630 daAuts
     D:3: 469 daAuts
 Ossuary: 404 daAuts
  Lair:1: 257 daAuts
   IceCv: 44 daAuts
